 Dungeon Crawl Stone Soup version 0.26-a0-812-g31a745ddcd (webtiles) character file.

Game seed: 5586691282146105358

781 Dracia the Spear-Bearer (level 7, -3/50 HPs)
             Began as a Merfolk Gladiator on Dec 9, 2020.
             Was an Initiate of Yredelemnul.
             Shot with an arrow by a centaur (6 damage)
             ... on level 5 of the Dungeon.
             The game lasted 00:08:48 (6101 turns).

Dracia the Spear-Bearer (Merfolk Gladiator)         Turns: 6101, Time: 00:08:49

Health: -3/50      AC:  4    Str: 14    XL:     7   Next: 85%
Magic:  7/7        EV: 14    Int:  9    God:    Yredelemnul [......]
Gold:   291        SH:  0    Dex: 16    Spells: 6/6 levels left

rFire    . . .     SeeInvis .   a - +0 trident
rCold    . . .     Faith    .   (no shield)
rNeg     + . .     Spirit   .   k - +0 leather armour {rPois}
rPois    +         Reflect  .   c - +0 helmet
rElec    .         Harm     .   (no cloak)
rCorr    .         Rampage  .   (no gloves)
MR       .....                  (no boots)
Stlth    +.........             (no amulet)
HPRegen  0.16/turn              N - ring of positive energy
MPRegen  0.10/turn              (no ring)

@: no status effects
A: change form in water, swift swim, stealthy swim
a: Renounce Religion


You were on level 5 of the Dungeon.
You worshipped Yredelemnul.
Yredelemnul was noncommittal.
You visited 2 branches of the dungeon, and saw 6 of its levels.

You collected 291 gold pieces.


   Skills:
 - Level 2.1 Fighting
 + Level 12.3 Polearms
 - Level 2.0 Throwing
 - Level 4.0 Dodging
 + Level 1.3 Invocations


You had 6 spell levels left.
You didn't know any spells.
Your spell library was empty.

Inventory:

Hand Weapons
 a - a +0 trident (weapon)
 q - the +8 whip of the Two Names {protect, rN+}
   (You found it on level 4 of the Dungeon)

   It grants its wielder temporary protection when it strikes (+7 to AC).
   It protects you from negative energy.
Missiles
 d - 3 throwing nets {=f=f}
 h - 8 atropa-tipped darts (quivered)
Armour
 b - a +0 leather armour
 c - a +0 helmet (worn)
 k - a +0 leather armour of poison resistance (worn)
 p - the +2 leather armour of Dogmatism {Rampage rCorr Int+5 Slay-5}
   (You found it on level 4 of the Dungeon)

   It affects your intelligence (+5).
   It affects your accuracy and damage with ranged weapons and melee attacks
   (-5).
   It provides partial protection from all sources of acid and corrosion.
   It bestows one free step when moving towards enemies.
Jewellery
 N - a ring of positive energy (left hand)
Wands
 j - a wand of paralysis (11)
Scrolls
 f - a scroll of amnesia
 i - 2 scrolls of immolation
 m - 4 scrolls of remove curse {@r2@r2}
 r - 3 scrolls of identify {@r1@r1}
Potions
 e - 4 potions of curing {@q1@q1}
 g - a potion of ambrosia {unknown}
 l - 3 potions of might

Dungeon Overview and Level Annotations

Branches:
Dungeon (5/15)             Temple (1/1) D:4

Altars:
Ashenzari
Cheibriados
Elyvilon
Fedhas
Gozag
Makhleb
Nemelex Xobeh
Okawaru
Qazlal
Ru
Sif Muna
Uskayaw
Vehumet
Wu Jian
Xom
Yredelemnul
Zin
The Shining One

##.#####.>..(#
#...........# #.
###(####.###
#.##((...##....
##.#.......#..#
#..#(......#..#
#..c..._......#
#..#.......#..#
#c.#@......#..#
#[.##..[..##..##
#
#..####.####...#
#
#..........÷...#
#
#.#.###.#####..#
# #.......# #..#
# #######.#
##..# #
#.####...######
#..........†...


You could see a centaur.


Message History

* * * LOW HITPOINT WARNING * * *
The centaur shoots an arrow.
The arrow misses you.
You see here 2 arrows.
You are too injured to fight recklessly!
You are too injured to fight recklessly!
You are too injured to fight recklessly!
Unknown command.
You are too injured to fight recklessly!
Attack whom?
Press: ? - help, Dir - move target cursor, f - centaur
Aim: a centaur, wielding a +0 shortbow and quivering 11 arrows You reach to attack!
You hit the centaur.
The centaur is moderately wounded.
The centaur shoots an arrow.
The arrow hits you.
* * * LOW HITPOINT WARNING * * *
Attack whom?
Press: ? - help, Dir - move target cursor, f/p - centaur
Aim: a centaur, wielding a +0 shortbow and quivering 10 arrows (moderately wounded)
You reach to attack!
You puncture the centaur!
The centaur is severely wounded.
The centaur shoots an arrow.
The arrow hits you!
* * * LOW HITPOINT WARNING * * *
Attack whom?
Press: ? - help, Dir - move target cursor, f/p - centaur
Aim: a centaur, wielding a +0 shortbow and quivering 9 arrows (severely wounded)
You reach to attack!
You hit the centaur.
The centaur is almost dead.
The centaur shoots an arrow.
The arrow hits you.
You die...
Your body rises from the dead as a mindless zombie.

Skill      XL: |  1  2  3  4  5  6  7 |
---------------+----------------------+-----
Polearms       | 5 6 7 8 9 10 12 | 12.3
Invocations    | 1 |  1.3
Fighting       | |  2.1
Throwing       | |  2.0
Dodging        | |  4.0

Action                   |  1- 3 |  4- 6 |  7- 9 || total
-------------------------+-------+-------+-------++-------
Melee: Trident           |   106 |   218 |    88 ||   412
       Whip              |       |    17 |       ||    17
  Use: Potion            |     1 |     5 |       ||     6
       Scroll            |       |     6 |       ||     6
 Stab: Sleeping          |     3 |     1 |       ||     4
Armor: Leather armour    |    17 |    44 |     7 ||    68
Dodge: Dodged            |    44 |   156 |    44 ||   244

Levels and vault maps discovered:
D:1:      scummos_arrival_hexagon, layout_basic
D:2:      layout_basic, ashenzari_conservatory_becter, lemuel_crystal_altar,
          minivault_24
D:3:      layout_basic, makhleb_heckhound_becter
D:4:      layout_cave_pools, grunt_qazlal_sundering, minitemple,
          lemuel_crystal_altar, minmay_temple_entry_water_ring
D:5:      layout_loops_ring, eat_drink_and_be_merry_uskayaw, kennysheep_mini,
          old_standard_altar, hangedman_abyss_or_decor_lesser_grid,
          dk_rats_in_the_wall
Temple:   nicolae_temple_figure_zero

Notes
Turn   | Place    | Note
-------+----------+-------------------------------------------
     0 | D:1      | Dracia the Merfolk Gladiator began the quest for the Orb.
     0 | D:1      | Reached XP level 1. HP: 16/16 MP: 1/1
   191 | D:1      | Reached skill level 5 in Polearms
   195 | D:1      | Reached XP level 2. HP: 22/22 MP: 2/2
   481 | D:1      | Reached skill level 6 in Polearms
   481 | D:1      | Reached XP level 3. HP: 27/27 MP: 3/3
  1096 | D:2      | Found a broken altar of Ashenzari.
  1911 | D:2      | Found a glowing silver altar of Zin.
  1960 | D:2      | Reached skill level 7 in Polearms
  1960 | D:2      | Reached XP level 4. HP: 31/33 MP: 4/4
  2849 | D:3      | Reached skill level 8 in Polearms
  2849 | D:3      | Reached XP level 5. HP: 38/38 MP: 5/5
  2867 | D:3      | Found a burning altar of Makhleb.
  3574 | D:3      | Reached skill level 9 in Polearms
  3864 | D:4      | Got an ichor-stained whip
  3906 | D:4      | Found a radiant altar of Vehumet.
  3917 | D:4      | Found a stormy altar of Qazlal.
  3952 | D:3      | Reached XP level 6. HP: 22/44 MP: 6/6
  4433 | D:4      | Got a citrine-encrusted leather armour
  4444 | D:4      | Identified the +2 leather armour of Dogmatism {Rampage
                  | rCorr Int+5 Slay-5} (You found it on level 4 of the
                  | Dungeon)
  4462 | D:4      | Found a staircase to the Ecumenical Temple.
  4477 | D:4      | Reached skill level 10 in Polearms
  4487 | Temple   | Entered the Ecumenical Temple
  4581 | Temple   | Identified the +8 whip of the Two Names {protect, rN+} (You
                  | found it on level 4 of the Dungeon)
  4844 | D:4      | Found a snail-covered altar of Cheibriados.
  4865 | D:4      | Found a white marble altar of Elyvilon.
  4923 | Temple   | Became a worshipper of Yredelemnul the Dark
  4994 | D:5      | Entered Level 5 of the Dungeon
  5150 | D:5      | Found a hide-covered altar of Uskayaw.
  5188 | D:5      | Reached XP level 7. HP: 46/50 MP: 7/7
  5194 | D:5      | Reached skill level 11 in Polearms
  5649 | D:5      | Reached skill level 12 in Polearms
  5817 | D:5      | Reached skill level 1 in Invocations
  6080 | D:5      | Found a blossoming altar of Fedhas.
  6100 | D:5      | HP: 3/50 [centaur/arrow (15)]
  6101 | D:5      | Shot with an arrow by a centaur

Vanquished Creatures
  An ogre (D:5)
  A centaur (D:5)
  A scorpion (D:5)
  A howler monkey (D:5)
  A jelly (D:5)
  A quasit (D:5)
  2 orc priests (D:4)
  3 hounds
  An orc wizard (D:5)
  An iguana (D:5)
  A worker ant (D:4)
  A worker ant zombie (D:5)
  8 adders
  A white imp (D:4)
  2 ufetubi (D:5)
  An adder zombie (D:5)
  An adder skeleton (D:5)
  4 worms
  5 dart slugs
  10 leopard geckos
  16 orcs
  3 bats
  6 giant cockroaches
  5 goblins
  10 hobgoblins
  7 kobolds
  2 quokkas
  5 frilled lizards
  A rat (D:3)
102 creatures vanquished.

Table legend: (Time is in decaauts)
 A = Elapsed time spent in this place.
 B = Non-inter-level travel time spent in this place.
 C = Inter-level travel time spent in this place.
 D = Time resting spent in this place.
 E = Time spent auto-exploring this place.
 F = Levels seen in this place.
 G = Mean time per level.
                   A        B        C        D        E       F      G
               +--------+--------+--------+--------+--------+-----+--------+
         Total |   6048 |   5791 |    257 |   1603 |   3412 |   6 | 1008.0 |
       Dungeon |   5881 |   5678 |    203 |   1603 |   3305 |   5 | 1176.2 |
        Temple |    166 |    112 |     54 |      0 |    107 |   1 |  166.0 |
               +--------+--------+--------+--------+--------+-----+--------+

Top non-repeatable levels by time:
     D:2: 1694 daAuts
     D:3: 1559 daAuts
     D:5: 1082 daAuts
     D:1: 882 daAuts
     D:4: 663 daAuts
  Temple: 166 daAuts

Table legend:
 A = Non-vault XP
 B = Vault XP
 C = Vault XP percentage of total XP
 D = Non-vault monster count
 E = Vault monster count
 F = Vault count percentage of total count
                 A         B        C        D         E       F
            +---------+---------+-------+---------+---------+-------
      Total |    1074 |      43 |   3.8 |     101 |       1 |   1.0
            +---------+---------+-------+---------+---------+-------
        D:1 |      45 |       0 |   0.0 |      20 |       0 |   0.0
        D:2 |      69 |       0 |   0.0 |      16 |       0 |   0.0
        D:3 |     167 |      43 |  20.5 |      35 |       1 |   2.8
        D:4 |     156 |       0 |   0.0 |      13 |       0 |   0.0
        D:5 |     637 |       0 |   0.0 |      17 |       0 |   0.0
            +---------+---------+-------+---------+---------+-------
